 Dungeon Crawl Stone Soup version 0.16.2-12-gd0ad4c3 (webtiles) character file.

62043 magipi the Cleaver (level 15, -1/126 HPs)
             Began as a Ghoul Gladiator on July 23, 2016.
             Was the Champion of Makhleb.
             Slain by a tarantella (11 damage)
             ... on level 2 of the Spider Nest on July 24, 2016.
             The game lasted 02:29:18 (19055 turns).

magipi the Cleaver (Ghoul Gladiator)               Turns: 19055, Time: 02:29:19

Health: -1/126     AC: 35    Str: 17    XL:     15   Next: 5%
Magic:  28/28      EV:  6    Int:  9    God:    Makhleb [******]
Gold:   2486       SH:  0    Dex: 12    Spells: 0 memorised, 14 levels left

rFire  + + .     SeeInvis +     a - +5 war axe of Unlufeew {vamp, +Rage rElec rF+}
rCold  + . .     Clarity  .     c - +11 plate armour "Khes" {+Blink Str-4 Int+4}
rNeg   + + +     SustAb   .     (no shield)
rPois  ∞         Gourm    .     y - +2 helmet {SInv}
rElec  +         Spirit   .     s - +1 cloak {rPois}
rCorr  .         Warding  .     h - +1 pair of gloves
rMut   .         Stasis   .     B - +1 pair of boots
MR     ++...                    (no amulet)
Stlth  ..........               m - ring of protection from magic
                                f - ring of protection from fire

@: rotting, very resistant to hostile enchantments, extremely unstealthy
A: rotting body, claws 1, carnivore 3, cold resistance 1, negative energy
resistance 3, poison resistance, slow healing 1, torment resistance, unbreathing
a: Minor Destruction, Lesser Servant of Makhleb, Major Destruction, Greater
Servant of Makhleb, Renounce Religion, Evoke Blink


You were on level 2 of the Spider Nest.
You worshipped Makhleb.
Makhleb was exalted by your worship.
You were not hungry.

You visited 5 branches of the dungeon, and saw 27 of its levels.
You also visited: Sewer.

You collected 2972 gold pieces.
You spent 486 gold pieces at shops.

Inventory:

Hand weapons
 a - the +5 war axe of Unlufeew (weapon) {vamp, +Rage rElec rF+}
   (You bought it in a shop on level 4 of the Orcish Mines)

   It inflicts no extra harm, but heals its wielder somewhat when it strikes a
   living foe.
   It protects you from fire.
   It insulates you from electricity.
   It lets you go berserk.
 b - a +0 blowgun
 S - a +1 battleaxe of electrocution
Missiles
 q - 29 poisoned needles
 I - 5 javelins (quivered)
Armour
 c - the +11 plate armour "Khes" (worn) {+Blink Str-4 Int+4}
   (You found it on level 8 of the Lair of Beasts)

   It affects your strength (-4).
   It affects your intelligence (+4).
   It lets you blink.
 h - a +1 pair of gloves (worn)
 s - a +1 cloak of poison resistance (worn)
 y - a +2 helmet of see invisible (worn)
 B - a +1 pair of boots (worn)
 P - a +2 chain mail of cold resistance
Jewellery
 d - an uncursed amulet of stasis
 f - a ring of protection from fire (left hand)
 m - a ring of protection from magic (right hand)
 t - an uncursed ring of teleportation
 H - an uncursed ring of sustain abilities
 K - an uncursed ring of ice
Magical devices
 j - a wand of flame (16)
 p - a wand of slowing (21)
 v - a wand of confusion (25)
 L - a wand of digging (11)
 M - a wand of invisibility (5)
 O - a wand of disintegration (6)
 U - a wand of polymorph (5)
 V - a wand of cold (1)
 W - a wand of paralysis (14)
 X - a wand of lightning (6)
Scrolls
 e - a scroll of magic mapping
 l - 4 scrolls of teleportation
 r - 6 scrolls of enchant weapon
 u - 5 scrolls of fog
 z - 7 scrolls of remove curse
 C - 5 scrolls of recharging
 F - a scroll of immolation
 Q - a scroll of blinking
 R - a scroll of silence
 Y - a scroll of enchant armour
Potions
 g - 2 potions of flight
 k - 5 potions of curing
 n - 6 potions of haste
 w - a potion of invisibility
 x - 5 potions of brilliance
 A - a potion of restore abilities
 D - a potion of ambrosia
 G - a potion of cancellation
 J - 3 potions of agility
 N - a potion of might
 T - 2 potions of heal wounds
 Z - 2 potions of resistance
Comestibles
 o - 12 meat rations
 E - a beef jerky


   Skills:
 + Level 9.8 Fighting
 - Level 12.6 Axes
 + Level 10.2 Throwing
 + Level 9.4 Armour
 - Level 2.6 Dodging
 - Level 10.1 Invocations
 - Level 11.4 Evocations


You had 14 spell levels left.
You didn't know any spells.

Dungeon Overview and Level Annotations

Branches:
Dungeon (12/15)            Temple (1/1) D:7            Lair (8/8) D:11
 Spider (2/5) Lair:4        Slime (0/6) Lair:8          Orc (4/4) D:12
    Elf (0/3) Orc:4
  Swamp: Lair:3-6    Shoals: Lair:3-6

Altars:
Cheibriados
Dithmenos
Fedhas
Gozag
Makhleb
Nemelex Xobeh
Qazlal
Sif Muna
Vehumet
Xom
Zin
Beogh

Shops:
D:6 :   D:9 %   Orc:4 *:[[(

Annotations:
D:5 Sapher's ghost, average DDGl
D:8 Grum
D:12 1 runed door
Orc:2 Nergalle


Innate Abilities, Weirdness & Mutations

Your body is rotting away.
You thrive on raw meat.
You have sharp fingernails.
You are carnivorous and can eat meat at any time.
Your flesh is cold resistant.
You are immune to negative energy.
Your system is resistant to poisons.
You heal slowly when monsters are visible.
You are immune to unholy pain and torment.
You can survive without breathing.

Vault maps used:
D:1:      wheals_arrival_shading
D:2:      eino_curves_02
D:3:      portal_sewer_entry_f, first_bread, grunt_qazlal_sundering, uniq_robin
D:4:      kennysheep_six_static_rooms, uniq_edmund
D:5:      cheibriados_altar_wand_db
D:6:      serial_shops, shop, nemelex_xobeh_ov_fountains_minmay
D:7:      minmay_temple_entry_grid, grunt_ogre_cave,
          nicolae_gozag_cash_rules_everything_around_me
D:8:      nicolae_dithmenos_shadow_blocks, nicolae_ossuary_entry_giza,
          uniq_maurice, uniq_grum
D:9:      due_megacathedral, serial_shops, nicolae_shop_behind_doors, uniq_pikel
D:11:     minmay_lair_entry_lava, uniq_josephine
D:12:     orc_0_dummy, lightli_airlock, uniq_nessos
Temple:   nicolae_temple_the_god_donut
Lair:3:   uniq_maud
Lair:4:   spider_nest_entry_web_field
Lair:5:   lemuel_centaur_altar
Lair:6:   minmay_swamp_entry_worms, columned_hall_lemuel
Lair:8:   hangedman_lair_in_review, slime_dummy, lemuel_fruit_tree
Spider:1: uniq_kirke, uniq_nikola, uniq_frances
Spider:2: mumra_spider_spiderweb, spider_trap, hangedman_stitches_earthworm,
          uniq_arachne, uniq_wiglaf
Orc:1:    mines4_lemuel
Orc:2:    uniq_nergalle
Orc:3:    basic_altar, nicolae_orc_pool_cavern, minmay_orc_barracks
Orc:4:    grunt_orc_community_town_hall, grunt_orc_community_big_house_1,
          grunt_orc_community_big_house_1, grunt_orc_community_house_3,
          grunt_orc_community_house_2, grunt_orc_community_house_3,
          grunt_orc_community_house_1, grunt_orc_community_house_2,
          grunt_orc_community_house_2, serial_shops, nicolae_shop_behind_doors,
          nooodl_orcs_dogs, uniq_snorg
Sewer:    sewer_co_tree


Message History

The tarantella bites you but does no damage.
The redback bites you but does no damage.
The tarantella bites you!
You are more confused.
The redback bites you!
The redback bites you but does no damage.
The tarantella bites you but does no damage. x3
The redback bites you but does no damage.
The tarantella bites you but does no damage.
Unknown command.
Drink which item? (? for menu, Esc to quit)
You feel better.
The redback bites you but does no damage.
The redback closely misses you.
The tarantella bites you but does no damage.
The tarantella barely misses you. The redback bites you!
Unknown command.
Unknown command.
Your plate armour "Khes" prevents you from hitting the tarantella.
The tarantella is severely wounded.
You slash the tarantella!
The tarantella is heavily wounded.
Your plate armour "Khes" prevents you from hitting the redback.
You slash the redback!
The redback is heavily wounded.
The tarantella bites you but does no damage.
The redback bites you but does no damage.
The tarantella barely misses you. The redback bites you!
The redback bites you but does no damage.
The tarantella barely misses you.
Unknown command.
Use which ability? (? or * to list)
A demon appears!
You feel slightly more hungry. The tarantella barely misses you.
The redback bites you but does no damage. x2
The tarantella bites you.
* * * LOW HITPOINT WARNING * * *
The tarantella bites you!
* * * LOW HITPOINT WARNING * * *
The redback bites you.
* * * LOW HITPOINT WARNING * * *
Unknown command.
The tarantella bites your neqoxec.
The redback bites you but does no damage.
The tarantella closely misses your neqoxec.
Your neqoxec barely misses the tarantella.
Unknown command.
The redback bites your neqoxec. The tarantella misses your neqoxec.
The tarantella bites you but does no damage.
The redback bites your neqoxec! The redback bites you.
* * * LOW HITPOINT WARNING * * *
Your neqoxec barely misses the redback.
Unknown command.
The redback barely misses your neqoxec. The tarantella bites your neqoxec!
Your neqoxec dies!
Unknown command.
The tarantella barely misses you.
Unknown command.
Read which item? (? for menu, Esc to quit)
As you read the scroll of teleportation, it crumbles to dust.
You feel strangely unstable.
The tarantella bites you but does no damage.
Unknown command.
Unknown command.
The tarantella bites you but does no damage.
The redback bites you but does no damage.
A redback comes into view.
The redback bites you but does no damage.
The tarantella bites you but does no damage.
The redback barely misses you.
Your surroundings suddenly seem different.
A tarantella comes into view.
The tarantella hisses angrily.
The wolf spider hisses angrily.
A jumping spider comes into view.
The jumping spider hisses angrily.
An orb spider comes into view.
The orb spider hisses angrily.
The orb spider begins to weave its threads into a brightly glowing ball.
Found a metal-bound book. 2 redbacks come into view.
The jumping spider hisses angrily.
The jumping spider leaps!
Unknown command.
The jumping spider leaps!
The jumping spider pounces on you.
* * * LOW HITPOINT WARNING * * *
The jumping spider bites you but does no damage.
The redback bites you but does no damage.
Unknown command.
Read which item? (? for menu, Esc to quit)
Okay, then.
Read which item? (? for menu, Esc to quit)
Okay, then.
Unknown command.
Use which ability? (? or * to list)
A demon appears!
You feel somewhat more hungry.
The jumping spider pounces on you but does no damage.
The jumping spider bites you but does no damage.
The redback bites you but does no damage.
The jumping spider leaps!
The tarantella bites you!
You die...

........#..s......
#.......^..........≈#
#.#..#.#...........≈#
#...........#.#...^≈#
....................# ≈
.#.......##.. ......##≈#
...#..#### .....#≈#
......# #.2.≈≈# ^.....##
##@..≈####≈ .).....####
#ssss....≈≈≈
........#.#####.ss........
......†...........§s......
..#..<........s.#.........
....††.#...........#......
.....................s^..
.............#.#.........
.....#.......§.^..#.....#


You could see a wolf spider, an orb spider, 2 jumping spiders, a tarantella, 4
redbacks and a friendly balrug.

Table legend:
 A = Kills in this place as a percentage of kills in entire the game.
 B = Kills by you in this place as a percentage of kills by you in the entire game.
 C = Kills by friends in this place as a percentage of kills by friends in the entire game.
 D = Other kills in this place as a percentage of other kills in the entire game.
 E = Experience gained in this place as a percentage of experience gained in the entire game.
 F = Experience gained in this place divided by the number of levels of this place that you have seen.
                   A       B       C       D       E      F
               +-------+-------+-------+-------+-------+----------------------
         Total | 100.0 | 100.0 | 100.0 | 100.0 | 100.0 | 3165.5
       Dungeon |  40.6 |  44.2 |   0.0 |  16.7 |  20.6 | 1518.0
          Lair |  23.9 |  22.5 |  35.8 |  66.7 |  50.8 | 5628.5
   Spider Nest |   4.2 |   3.8 |   7.5 |  16.7 |  18.0 | 7956.5
  Orcish Mines |  28.1 |  25.8 |  56.7 |   0.0 |  10.0 | 2219.2
         Sewer |   3.3 |   3.6 |   0.0 |   0.0 |   0.7 | 600.0
               +-------+-------+-------+-------+-------+----------------------

Vanquished Creatures
  Nikola (Spider:1)
  Kirke (Spider:1)
  Frances (Spider:1)
  Josephine (D:11)
  2 hydras
  A catoblepas (Lair:8)
  4 death yaks
  A fire crab (D:12)
  A hill giant (D:11)
  Pikel (D:9)
  An orb spider (Spider:1)
  2 manticores
  2 griffons
  5 wolf spiders
  8 elephants
  Maurice (D:8)
  6 black mambas
  12 spiny frogs
  6 komodo dragons
  A demonic crawler (Spider:2)
  2 fire drakes
  4 jumping spiders
  A polar bear (Lair:8)
  A two-headed ogre (Orc:4)
  A troll (D:11)
  5 wraiths
  4 redbacks
  7 blink frogs
  4 trapdoor spiders
  2 wyverns
  47 yaks
  A tarantella (Spider:1)
  8 hippogriffs
  4 fire bats (D:9)
  2 hogs (Spider:1)
  A mottled dragon (D:10)
  Edmund (D:4)
  An ice beast (D:10)
  A soldier ant (D:12)
  9 porcupines
  12 water moccasins
  5 wargs
  9 wolves
  3 sky beasts
  A black bear (D:10)
  4 spiders
  2 eyes of draining
  20 orc warriors
  2 phantoms
  13 centaurs
  9 ogres
  9 crocodiles
  5 big kobolds (Sewer)
  9 giant frogs
  A wyvern zombie (D:11)
  A brain worm (Lair:4)
  2 scorpions
  6 killer bees
  8 wights
  A lava snake (Lair:3)
  5 crimson imps
  A goliath beetle (D:8)
  An electric eel (Spider:1)
  A giant frog zombie (D:7)
  5 giant frog skeletons
  27 orc wizards
  2 centaur skeletons
  25 orc priests
  8 hounds
  A jelly (D:6)
  2 iguanas
  12 worker ants
  10 sheep (Lair:8)
  2 hound zombies
  2 mummies
  Robin (D:3)
  25 adders
  7 gnolls
  17 river rats
  4 giant mites
  4 worms
  5 giant geckos
  4 oozes (Sewer)
  145 orcs
  4 ball pythons
  43 bats
  7 giant cockroaches
  32 goblins
  30 hobgoblins
  4 jackals
  A giant cockroach zombie (D:5)
  5 giant newts
  A giant spore (D:6)
  A hobgoblin zombie (D:8)
  2 jackal skeletons
  31 kobolds
  A kobold zombie (D:8)
  4 orc zombies (Orc:4)
  10 quokkas
  14 rats
  2 spectral orcs (Orc:2)
  4 ballistomycetes (D:6)
  8 fungi
  A plant (Lair:2)
807 creatures vanquished.

Vanquished Creatures (collateral kills)
  Wiglaf (Spider:1)
  Maud (Lair:3)
  An orc warlord (Orc:4)
  Snorg (Orc:3)
  A hydra (Lair:8)
  4 death yaks
  A griffon (Lair:8)
  A manticore (Lair:8)
  3 orc sorcerers
  An orb spider (Spider:1)
  2 elephants (Lair:8)
  An orange demon (Spider:1)
  3 spiny frogs
  A komodo dragon (Lair:3)
  A jumping spider (Spider:1)
  A trapdoor spider (Spider:1)
  A fire elemental (Lair:3)
  A redback (Spider:1)
  2 hippogriffs
  A warg (Orc:4)
  6 orc warriors (Orc:4)
  An ogre (Orc:4)
  An iguana (Lair:3)
  4 orc wizards
  4 orc priests (Orc:4)
  5 river rats (Lair:3)
  14 orcs
  A quokka (Lair:3)
  3 orc zombies (Orc:4)
68 creatures vanquished.

Vanquished Creatures (others)
  A blizzard demon (Orc:4)
  A green death (Spider:1)
  A wolf spider (Spider:1)
  2 smoke demons
  2 orange demons
  A jumping spider (Spider:1)
  3 ynoxinuls
  2 neqoxecs
  2 centaurs
  An electric eel (Spider:1)
  2 quasits
  A white imp (Lair:5)
  17 ufetubi
  An orc (D:6)
  A giant spore (D:6)
  6 fungi
  6 plants
50 creatures vanquished.

Grand Total: 925 creatures vanquished

Notes
Turn   | Place    | Note
--------------------------------------------------------------
     0 | D:1      | magipi, the Ghoul Gladiator, began the quest for the Orb.
     0 | D:1      | Reached XP level 1. HP: 17/17 MP: 1/1
   175 | D:1      | Reached skill level 3 in Axes
   175 | D:1      | Reached XP level 2. HP: 22/24 MP: 2/2
   503 | D:1      | Reached XP level 3. HP: 18/29 MP: 3/3
  1012 | D:2      | Reached XP level 4. HP: 33/35 MP: 3/3
  1193 | D:3      | Noticed Robin
  1229 | D:3      | Reached skill level 4 in Axes
  1340 | D:3      | Found a glowing drain.
  1512 | D:3      | Reached XP level 5. HP: 38/41 MP: 4/4
  1515 | Sewer    | Entered a sewer
  1711 | Sewer    | Reached skill level 5 in Axes
  1711 | Sewer    | Reached XP level 6. HP: 31/48 MP: 5/5
  1932 | Sewer    | Reached skill level 6 in Axes
  1932 | Sewer    | Reached XP level 7. HP: 36/55 MP: 5/5
  2191 | D:3      | Killed Robin
  2341 | D:3      | Found a stormy altar of Qazlal.
  2678 | D:4      | Reached skill level 7 in Axes
  2781 | D:4      | Noticed Edmund
  2805 | D:4      | Killed Edmund
  2805 | D:4      | Reached XP level 8. HP: 45/59 MP: 6/6
  3283 | D:4      | Reached skill level 8 in Axes
  3573 | D:5      | Entered Level 5 of the Dungeon
  3607 | D:5      | Found a snail-covered altar of Cheibriados.
  3776 | D:5      | Reached skill level 9 in Axes
  4082 | D:5      | Noticed Sapher's ghost (average DDGl)
  4136 | D:6      | Reached XP level 9. HP: 67/71 MP: 7/7
  4679 | D:6      | Reached skill level 10 in Axes
  4718 | D:6      | Reached skill level 1 in Armour
  4732 | D:6      | Found Necuek's Book Shop.
  4787 | D:6      | Found a sparkling altar of Nemelex Xobeh.
  4996 | D:7      | Found an opulent altar of Gozag.
  5019 | D:7      | Found a staircase to the Ecumenical Temple.
  5036 | D:7      | Reached skill level 5 in Fighting
  5038 | Temple   | Entered the Ecumenical Temple
  5047 | Temple   | Became a worshipper of Makhleb the Destroyer
  5463 | D:8      | Noticed Grum
  5465 | D:8      | Noticed Maurice
  6003 | D:8      | Acquired Makhleb's first power
  6279 | D:8      | Reached XP level 10. HP: 65/85 MP: 7/7
  6366 | D:8      | Killed Maurice
  6402 | D:8      | Reached skill level 5 in Armour
  6493 | D:8      | Found a shadowy altar of Dithmenos.
  6590 | D:8      | Acquired Makhleb's second power
  7198 | D:9      | Found Skapsennomar's Food Emporium.
  7323 | D:9      | Acquired Makhleb's third power
  7412 | D:9      | Found a shimmering altar of Xom.
  7562 | D:10     | Entered Level 10 of the Dungeon
  7567 | D:10     | Acquired Makhleb's fourth power
  7635 | D:10     | Noticed a hill giant
  7688 | D:9      | Noticed Pikel
  7699 | D:9      | Killed Pikel
  7699 | D:9      | Reached skill level 11 in Axes
  7748 | D:9      | Reached XP level 11. HP: 92/92 MP: 8/8
  8732 | D:11     | Found a staircase to the Lair.
  8898 | D:11     | Noticed Josephine
  8929 | D:11     | Killed Josephine
  8929 | D:11     | Reached skill level 12 in Axes
  9069 | D:11     | Acquired Makhleb's fifth power
  9271 | D:11     | Noticed a hill giant
  9298 | D:11     | Noticed a hill giant
  9315 | D:12     | Reached skill level 1 in Invocations
  9486 | D:12     | Noticed Nessos
  9488 | D:12     | Noticed Nessos
  9488 | D:12     | Nessos changed into Nessos the fire crab
  9518 | D:12     | Killed Nessos the fire crab
  9644 | D:12     | Found a staircase to the Orcish Mines.
  9810 | D:12     | Found a runed door.
  9911 | Orc:1    | Entered Level 1 of the Orcish Mines
 10152 | Orc:1    | Reached skill level 5 in Invocations
 10239 | Orc:2    | Reached XP level 12. HP: 101/101 MP: 18/18
 10575 | Orc:2    | Noticed Nergalle
 10907 | Orc:3    | Found a radiant altar of Vehumet.
 10925 | Orc:3    | Found a staircase to the Elven Halls.
 11122 | Orc:4    | Entered Level 4 of the Orcish Mines
 11398 | Orc:4    | Found a roughly hewn altar of Beogh.
 11501 | Orc:4    | Found Nyunor's Antique Armour Emporium.
 11523 | Orc:4    | Found a staircase to the Elven Halls.
 11628 | Orc:4    | Found a roughly hewn altar of Beogh.
 11763 | Orc:4    | Noticed Snorg
 11854 | Orc:3    | Killed Snorg
 12069 | Orc:4    | Found a roughly hewn altar of Beogh.
 12069 | Orc:4    | Found Tras' Book Shop.
 12445 | Orc:4    | Found a roughly hewn altar of Beogh.
 12512 | Orc:4    | Found a roughly hewn altar of Beogh.
 12512 | Orc:4    | Found Scheggucs' General Store.
 13016 | Orc:4    | Noticed an orc warlord
 13055 | Orc:4    | Killed an orc warlord
 13119 | Orc:4    | Found Pnogh's Antique Weapon Emporium.
 13119 | Orc:4    | Found a roughly hewn altar of Beogh.
 13125 | Orc:4    | Reached skill level 10 in Invocations
 13142 | Orc:4    | Found Ughyranono's Antique Armour Shoppe.
 13153 | Orc:4    | Bought a runed war axe for 98 gold pieces
 13153 | Orc:4    | Bought an ancient war axe for 238 gold pieces
 13252 | Orc:4    | Bought a scroll of teleportation for 36 gold pieces
 13252 | Orc:4    | Bought a scroll of identify for 24 gold pieces
 13252 | Orc:4    | Bought a scroll of enchant weapon for 90 gold pieces
 13252 | Orc:4    | Identified the +5 war axe of Unlufeew {vamp, +Rage rElec rF+} (You bought it in a shop on level 4 of the Orcish Mines)
 13371 | D:11     | Reached skill level 1 in Evocations
 13401 | D:11     | Killed a hill giant
 13460 | Lair:1   | Entered Level 1 of the Lair of Beasts
 13810 | Lair:1   | Noticed a seven-headed hydra
 13826 | Lair:1   | Killed a seven-headed hydra
 13936 | Lair:2   | Reached skill level 5 in Evocations
 14164 | Lair:2   | Reached XP level 13. HP: 107/107 MP: 25/25
 14550 | Lair:3   | Noticed Maud
 14564 | Lair:3   | Killed Maud
 14723 | Lair:4   | Found a hole to the Spider Nest.
 15329 | Lair:5   | Found a blossoming altar of Fedhas.
 15400 | Lair:5   | Reached skill level 10 in Evocations
 16099 | Lair:6   | Reached skill level 5 in Throwing
 16425 | Lair:7   | Reached XP level 14. HP: 115/115 MP: 27/27
 16676 | Lair:8   | Entered Level 8 of the Lair of Beasts
 16731 | Lair:8   | Found a staircase to the Slime Pits.
 16762 | Lair:8   | Got a shimmering plate armour
 16787 | Lair:8   | Identified the +11 plate armour "Khes" {+Blink Str-4 Int+4} (You found it on level 8 of the Lair of Beasts)
 18238 | Spider:1 | Entered Level 1 of the Spider Nest
 18272 | Spider:1 | Noticed Kirke
 18304 | Spider:1 | Killed Kirke
 18343 | Spider:1 | Noticed Nikola
 18417 | Spider:1 | Noticed Frances
 18424 | Spider:1 | Killed Nikola
 18446 | Spider:1 | Killed Frances
 18633 | Spider:1 | Reached skill level 10 in Throwing
 18723 | Spider:2 | Noticed Wiglaf
 18777 | Spider:2 | Noticed an emperor scorpion
 18857 | Spider:1 | Killed Wiglaf
 18963 | Spider:2 | Reached XP level 15. HP: 124/126 MP: 28/28
 19055 | Spider:2 | Slain by a tarantella

Action                   |  1- 3 |  4- 6 |  7- 9 | 10-12 | 13-15 || total
-------------------------+-------+-------+-------+-------+-------++-------
Melee: War axe           |   131 |   161 |   575 |  1446 |   954 ||  3267
 Fire: Blowgun           |       |       |    43 |    79 |    12 ||   134
Throw: Throwing net      |       |       |     3 |       |       ||     3
       Tomahawk          |       |       |     3 |     4 |       ||     7
       Javelin           |       |       |       |     2 |    10 ||    12
Invok: Lesser Servant of |       |       |       |     2 |    13 ||    15
       Greater Servant o |       |       |       |     4 |     5 ||     9
Evoke: Wand              |       |       |       |    10 |    17 ||    27
  Use: Scroll            |       |    11 |    14 |     9 |     7 ||    41
       Potion            |       |       |     3 |     5 |     2 ||    10
 Stab: Distracted        |       |       |       |       |     5 ||     5
  Eat: Chunk             |    15 |     5 |    39 |    74 |    33 ||   166

Action                   |  1- 3 |  4- 6 |  7- 9 | 10-12 | 13-15 || total
-------------------------+-------+-------+-------+-------+-------++-------
Melee: War axe           |   131 |   161 |   575 |  1446 |   954 ||  3267
 Fire: Blowgun           |       |       |    43 |    79 |    12 ||   134
Throw: Throwing net      |       |       |     3 |       |       ||     3
       Tomahawk          |       |       |     3 |     4 |       ||     7
       Javelin           |       |       |       |     2 |    10 ||    12
Invok: Lesser Servant of |       |       |       |     2 |    13 ||    15
       Greater Servant o |       |       |       |     4 |     5 ||     9
Evoke: Wand              |       |       |       |    10 |    17 ||    27
  Use: Scroll            |       |    11 |    14 |     9 |     7 ||    41
       Potion            |       |       |     3 |     5 |     2 ||    10
 Stab: Distracted        |       |       |       |       |     5 ||     5
  Eat: Chunk             |    15 |     5 |    39 |    74 |    33 ||   166

Action                   |  1- 3 |  4- 6 |  7- 9 | 10-12 | 13-15 || total
-------------------------+-------+-------+-------+-------+-------++-------
Melee: War axe           |   131 |   161 |   575 |  1446 |   954 ||  3267
 Fire: Blowgun           |       |       |    43 |    79 |    12 ||   134
Throw: Throwing net      |       |       |     3 |       |       ||     3
       Tomahawk          |       |       |     3 |     4 |       ||     7
       Javelin           |       |       |       |     2 |    10 ||    12
Invok: Lesser Servant of |       |       |       |     2 |    13 ||    15
       Greater Servant o |       |       |       |     4 |     5 ||     9
Evoke: Wand              |       |       |       |    10 |    17 ||    27
  Use: Scroll            |       |    11 |    14 |     9 |     7 ||    41
       Potion            |       |       |     3 |     5 |     2 ||    10
 Stab: Distracted        |       |       |       |       |     5 ||     5
  Eat: Chunk             |    15 |     5 |    39 |    74 |    33 ||   166
